 Dungeon Crawl Stone Soup version 0.32-a0-792-g3d70bf0 (webtiles) character file.

Game seed: 11365178497123568121

352 Dorkslayer the Chopper (level 6, -5/43 HPs)
             Began as an Octopode Fighter on Mar 20, 2024.
             Was an Initiate of Okawaru.
             Killed by divine providence
             ... invoked by an orc priest
              (8 damage)
             ... on level 5 of the Dungeon.
             The game lasted 00:08:00 (2916 turns).

Dorkslayer the Chopper (Octopode Fighter)           Turns: 2916, Time: 00:08:00

Health: -5/43      AC:  1    Str: 28    XL:     6   Next: 61%
Magic:  6/6        EV: 13    Int:  7    God:    Okawaru [......]
Gold:   218        SH:  6    Dex: 17    Spells: 5/5 levels left

rFire   + + +        d - +4 war axe
rCold   . . .        b - +1 buckler
rNeg    . . .        (helmet restricted)
rPois   .            (no amulet)
rElec   .            h - ring "Yvakeutz" {rF++ Str+4 Int-3 Dex+6}
rCorr   .            i - ring of protection from fire
SInv    .            l - +6 ring of strength
Will    .....        (no ring)
Stlth   ++++         (no ring)
HPRegen 0.27/turn    (no ring)
MPRegen 0.10/turn    (no ring)
                     (no ring)

%: no passive effects
@: no status effects
A: almost no armour, amphibious, 8 rings, camouflage 1, gelatinous body 1,
(nimble swimmer 1), tentacles
a: Renounce Religion


You were on level 5 of the Dungeon.
You worshipped Okawaru.
Okawaru was noncommittal.
You visited 2 branches of the dungeon, and saw 6 of its levels.

You collected 218 gold pieces.

Inventory:

Hand Weapons
 a - a +0 war axe
 d - a +4 war axe (weapon)
Armour
 b - a +1 buckler (worn)
Jewellery
 h - the ring "Yvakeutz" (left tentacle) {rF++ Str+4 Int-3 Dex+6}
   (You found it on level 2 of the Dungeon)

   [ring of dexterity]

   Str+4:     It affects your strength (+4).
   Int-3:     It affects your intelligence (-3).
   Dex+6:     It affects your dexterity (+6).
   rF++:      It greatly protects you from fire.
 i - a ring of protection from fire (right tentacle)
 l - a +6 ring of strength (on tentacle)
Scrolls
 g - 3 scrolls of teleportation
 k - a scroll of enchant armour
 n - a scroll of identify
Potions
 c - 2 potions of might
 e - 3 potions of curing
 f - 3 potions of magic
 m - 2 potions of heal wounds
 o - a potion of brilliance


   Skills:
 + Level 3.7 Fighting
 + Level 4.2 Axes
 * Level 4.2 Dodging
 + Level 3.4 Stealth
 + Level 3.6 Shields
 * Level 0.6 Invocations
 * Level 1.0 Evocations


You had 5 spell levels left.
You didn't know any spells.
Your spell library was empty.

Dungeon Overview and Level Annotations

Branches:
Dungeon (5/15)             Temple (1/1) D:4

Altars:
Ashenzari
Dithmenos
Elyvilon
Fedhas
Gozag
Hepliaklqana
Kikubaaqudgha
Makhleb
Okawaru
Qazlal
Ru
Sif Muna
Trog
Wu Jian
Xom
Yredelemnul
Zin


Innate Abilities, Weirdness & Mutations

You cannot wear most types of armour.
You are amphibious.
You can wear up to eight rings at the same time.
Your skin changes colour to match your surroundings (Stealth+).
Your rubbery body absorbs attacks. (AC +1, EV +1)
((You are camouflaged when in or above water. (Stealth+)))
You have tentacles for arms and can constrict up to eight enemies at once.


Message History

Aim: a gnoll sergeant, wielding a +0 trident and wearing a +0 ring mail (79% to hit)
The bolt of light hits the gnoll sergeant!
The gnoll sergeant is heavily wounded.
The gnoll sergeant is blinded.
The bolt of light hits the gnoll!
The gnoll is almost dead.
The gnoll is blinded.
The now-empty wand crumbles to dust.
You hear a shout!
Something shouts, "Embrace submission, thou puny hell-hated baggage!"
Unknown command.
Unknown command.
You aren't carrying any items that you can evoke.
Nothing quivered!
Unknown command.
An orc priest and a scorpion come into view.
The gnoll barely misses you.
The scorpion moves out of view.
There is a large open door here.
Things that are here:
a +0 flail; a throwing net; a gnoll corpse You slash the gnoll!
You kill the gnoll!
Okawaru accepts your kill.
You barely miss the gnoll sergeant.
A white imp comes into view.
Your Evocations skill increases to level 1!
Unknown command.
You closely miss the orc.
The gnoll shouts!
Your grab misses the orc. You squeeze the orc.
The orc is heavily wounded.
You barely miss the gnoll sergeant. You block the gnoll sergeant's attack.
An orc comes into view. It is wielding a +0 mace.
The orc priest calls down the wrath of Beogh upon you.
Beogh smites you!
* * * LOW HITPOINT WARNING * * *
The orc hits you with a +0 mace!
* * * LOW HITPOINT WARNING * * *
The gnoll sergeant misses you.
The orc priest calls down the wrath of Beogh upon you.
Beogh smites you!
You die...

!. .. ..o.. #. s (.(.#
#.. .####.o5.#
##...#...g.o...
.....#..g......
#..............
......g.o...... # #@#
.# ..####'### ##+##.###
..........#
#...........
..........#
#.....##....
..........###..........
...............#+###.#
...........##........#
.....##.....+........#
###.. #.#...#........+
.


You could see a gnoll sergeant (blind, unable to see you), a scorpion
(wandering), an orc priest, 2 gnolls, a white imp and 3 orcs.

Vanquished Creatures
  A black bear (D:4)
  A scorpion (D:5)
  A hound (D:5)
  Robin (D:2)
  4 adders
  2 gnolls (D:5)
  A white imp (D:4)
  4 orcs (D:3)
  5 ball pythons
  6 endoplasms
  5 giant cockroaches
  16 goblins
  13 hobgoblins
  3 jackals (D:3)
  5 quokkas
  4 bats
  3 frilled lizards (D:1)
  5 kobolds
  4 rats
  A butterfly (D:4)
85 creatures vanquished.

Notes
Turn   | Place    | Note
-------+----------+-------------------------------------------
     0 | D:1      | Dorkslayer the Octopode Fighter began the quest for the
                  | Orb.
     0 | D:1      | Reached XP level 1. HP: 16/16 MP: 1/1
   244 | D:1      | Found a faded altar of an unknown god.
   251 | D:1      | Reached XP level 2. HP: 20/21 MP: 2/2
   632 | D:1      | Reached XP level 3. HP: 26/26 MP: 3/3
   913 | D:2      | Noticed Robin
   917 | D:2      | Reached skill level 1 in Stealth
   922 | D:2      | Killed Robin
   923 | D:2      | Reached XP level 4. HP: 6/31 MP: 4/4
  1045 | D:2      | Identified the ring "Yvakeutz" {rF++ Str+4 Int-3 Dex+6}
  1855 | D:3      | Found a broken altar of Ashenzari.
  2156 | D:4      | Noticed a black bear
  2160 | D:4      | Killed a black bear
  2161 | D:4      | Reached XP level 5. HP: 36/36 MP: 5/5
  2401 | D:4      | Found a staircase to the Ecumenical Temple.
  2412 | Temple   | Entered the Ecumenical Temple
  2418 | Temple   | Became a worshipper of Warmaster Okawaru
  2472 | D:4      | Reached XP level 6. HP: 43/43 MP: 6/6
  2831 | D:5      | Entered Level 5 of the Dungeon
  2916 | D:5      | Reached skill level 1 in Evocations
  2916 | D:5      | Killed from afar by an orc priest

Illustrated notes

Levels and vault maps discovered:
D:1:      matt_arrival_spirals, layout_basic, ebering_ecumenical_altar_box,
          chequers_serial_rivers_micro_e, due_unseen_surprise
D:2:      layout_loops_ring, corner_web_ring, uniq_robin
D:3:      layout_loops_cross, mainiacjoe_overflow_concentric_impassable
D:4:      layout_basic, minmay_temple_entry_butterflies
D:5:      layout_basic, gammafunk_ghost_necromancy, nicolae_ossuary_entry_giza
Temple:   nicolae_temple_x_marks_the_god

Skill      XL: |  1  2  3  4  5  6 |
---------------+-------------------+-----
Stealth        | 1 2 3 |  3.4
Axes           | 3 4 |  4.2
Dodging        | 4 |  4.2
Evocations     | 1 |  1.0
Fighting       | |  3.7
Shields        | |  3.6
Invocations    | |  0.6

Action                     |  1- 3 |  4- 6 || total
---------------------------+-------+-------++-------
  Melee: War axe           |    58 |    51 ||   109
         Constrict         |    22 |    15 ||    37
         Tentacles         |     9 |    12 ||    21
  Throw: Dart              |       |     2 ||     2
  Evoke: Wand              |       |     2 ||     2
    Use: Scroll            |     2 |     7 ||     9
         Potion            |       |     1 ||     1
   Stab: Sleeping          |     3 |    13 ||    16
 Armour: Skin              |    26 |    14 ||    40
  Dodge: Dodged            |    36 |    22 ||    58
  Block: Buckler           |    19 |     6 ||    25

Table legend: (Time is in decaauts)
 A = Elapsed time spent in this place.
 B = Non-inter-level travel time spent in this place.
 C = Inter-level travel time spent in this place.
 D = Time resting spent in this place.
 E = Time spent auto-exploring this place.
 F = Levels seen in this place.
 G = Mean time per level.
                   A        B        C        D        E       F      G
               +--------+--------+--------+--------+--------+-----+--------+
         Total |   2957 |   2957 |      0 |      0 |   1724 |   6 |  492.8 |
       Dungeon |   2944 |   2944 |      0 |      0 |   1724 |   5 |  588.8 |
        Temple |     12 |     12 |      0 |      0 |      0 |   1 |   12.0 |
               +--------+--------+--------+--------+--------+-----+--------+

Top non-repeatable levels by time:
     D:1: 863 daAuts
     D:2: 696 daAuts
     D:4: 667 daAuts
     D:3: 631 daAuts
     D:5: 86 daAuts
  Temple: 12 daAuts
